 Dungeon Crawl Stone Soup version 0.28-a0-1190-g77e1c55843 (webtiles) character file.

Game seed: 12735214047413570687

192 fauxio the Cutter (level 5, -1/36 HPs)
             Began as a Vampire Abyssal Knight on Dec 19, 2021.
             Was a Believer of Lugonu.
             Succumbed to an orc wizard's poison
             ... on level 4 of the Dungeon.
             The game lasted 00:29:23 (2824 turns).

fauxio the Cutter (Vampire Abyssal Knight)          Turns: 2824, Time: 00:29:27

Health: -1/36      AC:  5    Str: 14    XL:     5   Next: 42%
Magic:  6/6        EV: 12    Int: 12    God:    Lugonu [**....]
Gold:   168        SH:  0    Dex: 15    Spells: 4/4 levels left

rFire   . . .      SeeInvis +   a - +1 short sword
rCold   . . .      Faith    .   (no shield)
rNeg    . . .      Spirit   .   b - +0 leather armour
rPois   .          Reflect  .   (no helmet)
rElec   .          Harm     .   (no cloak)
rCorr   .          Rampage  .   (no gloves)
Will    .....                   c - +1 pair of boots
Stlth   ++........              n - amulet of regeneration
HPRegen 1.12/turn               (no ring)
MPRegen 0.10/turn               (no ring)

@: lethally poisoned (-1 -> -7), healing quickly
A: alive, fangs 3, see invisible, vampiric 2, [frail 1]
a: Exsanguinate, Renounce Religion, Depart the Abyss, Bend Space


You were on level 4 of the Dungeon.
You worshipped Lugonu.
Lugonu was pleased with you.
You visited 1 branch of the dungeon, and saw 4 of its levels.
You visited the Abyss 1 time.

You collected 168 gold pieces.

Inventory:

Hand Weapons
 a - a +1 short sword (weapon)
Armour
 b - a +0 leather armour (worn)
 c - a +1 pair of boots (worn)
Jewellery
 n - an amulet of regeneration (around neck)
Wands
 j - a wand of polymorph (5)
Scrolls
 d - a scroll of fear {unknown}
 h - 2 scrolls of identify {unknown}
 i - a scroll of noise
 k - a scroll of summoning {unknown}
Potions
 e - 4 potions of curing (quivered)
 f - 2 potions of cancellation {unknown}
 g - a potion of magic {unknown}
 l - a potion of lignification {unknown}
 m - a potion of mutation {unknown}


   Skills:
 + Level 3.6 Fighting
 + Level 4.0 Short Blades
 + Level 2.0 Armour
 + Level 2.8 Dodging
 + Level 1.7 Stealth
 + Level 1.9 Invocations


You had 4 spell levels left.
You didn't know any spells.
Your spell library was empty.

Dungeon Overview and Level Annotations

Branches:
Dungeon (4/15)
 Temple: D:4-7

Altars:


Innate Abilities, Weirdness & Mutations

Your natural rate of healing is accelerated.
You have razor-sharp teeth.
You have supernaturally acute eyesight. (SInv)
You are afflicted with vampirism and can become a bat while bloodless.
[You are frail. (-10% HP)]


Message History

The orc wizard is moderately wounded.
You feel sick.
The orc wizard hits you but does no damage.
You are more poisoned.
The orc hits you but does no damage. The hound skeleton barely misses you.
You closely miss the orc wizard.
The orc wizard is moderately wounded.
You feel very sick. The orc wizard closely misses you.
The orc closely misses you. The hound skeleton barely misses you.
You feel sick.
You barely miss the hound skeleton. Your bite misses the hound skeleton.
The hound skeleton is heavily damaged.
You feel sick. The hound skeleton closely misses you.
The orc wizard hits you with a +0 dagger of venom.
You are more poisoned.
The orc hits you with a +0 club.
You barely miss the hound skeleton.
The hound skeleton is heavily damaged.
You feel very sick. The hound skeleton misses you.
The orc wizard hits you with a +0 dagger of venom.
You are lethally poisoned!
The orc hits you but does no damage.
The hound skeleton bites you but does no damage.
* * * LOW HITPOINT WARNING * * *
You feel very sick.
Keep bloodletting? [Y]es or [N]o only, please.
Keep bloodletting?
Uppercase [Y]es or [N]o only, please.
Keep bloodletting?
Uppercase [Y]es or [N]o only, please.
Keep bloodletting?
* * * LOW HITPOINT WARNING * * *
You feel very sick. The orc hits you with a +0 club.
* * * LOW HITPOINT WARNING * * *
You begin bloodletting.
You continue bloodletting.
You die...

#...# .#.#
#...+.... ..
#...#..# #
.#########...#[.#.#
##...
............#.#
#...
......).).....# #
#..# ###.Z.##!## .
#..# #...oo....#
.###..##
#...@.....#
.#...).#
#.........#
...#...#
#?#########
#..#...# #.#
...#...# #.#
.......# #.#
...#...######.#
..............#
.......########


You could see an orc wizard (invisible), an orc and a hound skeleton.

Vanquished Creatures
  Terence (D:3)
  A hound skeleton (D:4)
  Robin (D:3)
  2 adders (D:3)
  4 gnolls (D:3)
  An ufetubus (D:4)
  2 worms (D:2)
  2 dart slugs
  An orc (D:4)
  5 ball pythons
  6 bats
  6 endoplasms
  2 giant cockroaches (D:1)
  12 goblins
  5 hobgoblins
  9 kobolds
  2 quokkas
  A frilled lizard (D:3)
  3 rats
66 creatures vanquished.

Notes
Turn   | Place    | Note
-------+----------+-------------------------------------------
     0 | Abyss:1  | fauxio the Vampire Abyssal Knight began the quest for the
                  | Orb.
     0 | Abyss:1  | Reached XP level 1. HP: 17/17 MP: 2/2
     4 | D:1      | Escaped the Abyss
    28 | D:1      | Reached * piety under Lugonu
    74 | D:1      | Reached XP level 2. HP: 24/24 MP: 3/3
   259 | D:1      | Reached skill level 1 in Armour
   706 | D:2      | Gained mutation: You are afflicted with vampirism and can
                  | become a bat while bloodless. [Vampire growth]
   706 | D:2      | Reached XP level 3. HP: 18/29 MP: 4/4
   784 | D:2      | Found a faded altar of an unknown god.
  1634 | D:3      | Reached skill level 3 in Short Blades
  1687 | D:3      | Reached XP level 4. HP: 18/31 MP: 5/5
  1901 | D:3      | Noticed Terence
  1914 | D:3      | Killed Terence
  2029 | D:3      | Reached skill level 1 in Stealth
  2048 | D:3      | Noticed Robin
  2064 | D:3      | Reached ** piety under Lugonu
  2068 | D:3      | Killed Robin
  2231 | D:3      | Reached XP level 5. HP: 29/36 MP: 6/6
  2777 | D:4      | Reached skill level 4 in Short Blades
  2823 | D:4      | HP: 1/36 [orc (5)]
  2824 | D:4      | Succumbed to an orc wizard's poison

Illustrated notes

Levels and vault maps discovered:
D:1:      tarquinn_simple_flora_water_f, layout_rooms, roderic_lattice_a,
          minmay_misc_feat_rugged
D:2:      layout_loops_ring, shapermc_ecumenical_altar_pompeii
D:3:      layout_loops_ring, roderic_roman_lattice, uniq_terence, uniq_robin
D:4:      layout_basic, vehumet_crystals, tgw_kikubaaqudgha, serial_shops,
          shop_statue

Skill      XL: |  1  2  3  4  5 |
---------------+----------------+-----
Fighting       | 3 |  3.6
Armour         | 1 2 |  2.0
Short Blades   | 3 4 |  4.0
Stealth        | 1 |  1.7
Dodging        | |  2.8
Invocations    | |  1.9

Action                   |  1- 3 |  4- 6 || total
-------------------------+-------+-------++-------
Melee: Short sword       |   118 |   130 ||   248
       Bite              |     8 |    15 ||    23
Invok: Depart the Abyss  |     1 |       ||     1
 Abil: Exsanguinate      |     1 |     1 ||     2
       Revivify          |     1 |       ||     1
  Use: Scroll            |     3 |     2 ||     5
       Potion            |     2 |     1 ||     3
 Stab: Sleeping          |     1 |     3 ||     4
Armor: Leather armour    |    37 |    39 ||    76
Dodge: Dodged            |    69 |    88 ||   157

Table legend: (Time is in decaauts)
 A = Elapsed time spent in this place.
 B = Non-inter-level travel time spent in this place.
 C = Inter-level travel time spent in this place.
 D = Time resting spent in this place.
 E = Time spent auto-exploring this place.
 F = Levels seen in this place.
 G = Mean time per level.
                   A        B        C        D        E       F      G
               +--------+--------+--------+--------+--------+-----+--------+
         Total |   2819 |    684 |   2135 |      0 |      0 |   5 |  563.8 |
       Dungeon |   2815 |    680 |   2135 |      0 |      0 |   4 |  703.8 |
         Abyss |      4 |      4 |      0 |      0 |      0 |   1 |    4.0 |
               +--------+--------+--------+--------+--------+-----+--------+

Top non-repeatable levels by time:
     D:2: 932 daAuts
     D:3: 850 daAuts
     D:1: 691 daAuts
     D:4: 341 daAuts
 Abyss:1: 4 daAuts
